 Dungeon Crawl Stone Soup version 0.31.0 (webtiles) character file.

Game seed: 17259488091294838943

4435 cdecastro the Grappler (level 10, -5/77 HPs)
             Began as a Pale Draconian Shapeshifter on Jan 19, 2024.
             Was an Initiate of Gozag.
             Killed from afar by a shock serpent (28 damage)
             ... with a bolt of electricity
             ... on level 9 of the Dungeon.
             The game lasted 00:21:40 (9689 turns).

cdecastro the Grappler (DrSh)                       Turns: 9689, Time: 00:21:40

Health: -5/77      AC: 11    Str: 16    XL:     10   Next: 14%
Magic:  10/10      EV: 16    Int: 12    God:    Gozag
Gold:   341        SH:  0    Dex: 14    Spells: 9/9 levels left

rFire   . .          .
                       - Unarmed
rCold   + . .        (shield currently unavailable)
rNeg    . . .        (body armour unavailable)
rPois   .            (helmet restricted)
rElec   .            (no cloak)
rCorr   .            (no gloves)
SInv    .            (no boots)
Will    .....        (no amulet)
Stlth   +            o - +4 ring of protection
HPRegen 0.32/turn    E - ring of protection from cold
MPRegen 0.12/turn

%: no passive effects
@: short of breath, flux-form, glowing
A: glow, contaminating, breathe steam, AC +7, unfitting armour, cold-blooded,
steam resistance
a: Breathe Steam, Begin Untransformation, Renounce Religion, Potion Petition,
Call Merchant, Bribe Branch


You were on level 9 of the Dungeon.
You worshipped Gozag.
Gozag was aware of your devotion.
You were something dangerously unstable.
You visited 2 branches of the dungeon, and saw 10 of its levels.

You collected 1174 gold pieces.
You spent 808 gold pieces at shops.
You paid 25 gold pieces to Gozag.

Inventory:

Missiles
 d - 38 poisoned darts (quivered)
 m - 3 javelins
 B - 2 silver javelins
 H - 4 boomerangs
 L - a throwing net
 Q - a curare-tipped dart
Jewellery
 k - a ring of see invisible
 o - a +4 ring of protection (left hand)
 E - a ring of protection from cold (right hand)
 K - a ring of fire
 R - a ring of resist corrosion
Talismans
 b - a beast talisman
 c - a flux talisman (active)
Wands
 q - a wand of roots (28)
 v - a wand of polymorph (6)
 A - a wand of flame (36)
 O - a wand of quicksilver (7)
Scrolls
 g - a scroll of revelation {unknown}
 i - 3 scrolls of blinking
 j - a scroll of enchant armour {unknown}
 n - a scroll of poison {unknown}
 p - a scroll of torment {unknown}
 s - 7 scrolls of teleportation
 u - 3 scrolls of immolation
 w - a scroll of acquirement {unknown}
 y - a scroll of butterflies {unknown}
 z - a scroll of amnesia {unknown}
 C - 2 scrolls of fear
 G - a scroll of fog {unknown}
 J - a scroll of brand weapon {unknown}
 M - a scroll of enchant weapon
 N - a scroll of silence
Potions
 a - 2 potions of lignification
 e - 8 potions of curing
 f - 4 potions of heal wounds
 h - 3 potions of haste
 l - 2 potions of attraction
 r - a potion of berserk rage
 t - 2 potions of magic
 x - 3 potions of mutation
 D - 2 potions of invisibility
 F - 3 potions of might
 I - a potion of enlightenment
 P - a potion of resistance
 S - a potion of cancellation {unknown}


   Skills:
 * Level 3.1 Fighting
 - Level 1.7 Dodging
 - Level 12.1 Unarmed Combat
 + Level 8.5 Shapeshifting


You had 9 spell levels left.
You didn't know any spells.
Your spell library contained the following spells:

 Spells                   Type           Power      Damage    Failure   Level
 Freeze                   Ice            0%         1d3       32%         1
 Frozen Ramparts          Ice            0%         1d1       69%         3
 Hailstorm                Conj/Ice       0%         3d5       69%         3
 Leda's Liquefaction      Alch/Erth      0%         N/A       97%         4
 Petrify                  Alch/Erth      0%         N/A       97%         4
 Metabolic Englaciation   Hex/Ice        0%         N/A       100%        5


Dungeon Overview and Level Annotations

Branches:
Dungeon (9/15)             Temple (1/1) D:5
   Lair: D:8-11         Orc: D:9-12

Altars:
Ashenzari
Cheibriados
Dithmenos
Elyvilon
Fedhas
Gozag
Hepliaklqana
Kikubaaqudgha
Makhleb
Nemelex Xobeh
Okawaru
Qazlal
Ru
Sif Muna
Uskayaw
Vehumet
Wu Jian
Xom
Yredelemnul
Zin
The Shining One

Shops:
D:1 !   D:3 !


Innate Abilities, Weirdness & Mutations

You are something dangerously unstable.
You glow with magical radiation, making you easy to see and hit.
Foes you strike become dangerously contaminated with magical radiation.
You are incapable of wielding weapons or throwing items.
You can breathe blasts of scalding, opaque steam.
Your pale cyan-grey scales are hard. (AC +7)
You cannot fit into any form of body armour.
You are cold-blooded and may be slowed by cold attacks.
You are immune to the effects of steam.


Message History

The shock serpent is engulfed in a cloud of scalding steam.
The shock serpent bites you but does no damage.
You feel much better.
The shock serpent is engulfed in a cloud of scalding steam.
The shock serpent bites you but does no damage.
The shock serpent's electric aura discharges, shocking you!
* * * LOW HITPOINT WARNING * * *
Unknown command.
Unknown command.
You hit the shock serpent.
The shock serpent begins to glow.
You tail-slap the shock serpent.
The shock serpent is heavily wounded.
The shock serpent's electric aura discharges, shocking you!
* * * LOW HITPOINT WARNING * * *
The shock serpent is engulfed in a cloud of scalding steam.
The shock serpent bites you.
* * * LOW HITPOINT WARNING * * *
The shock serpent shocks you!
* * * LOW HITPOINT WARNING * * *
The shock serpent's electric aura discharges, shocking you!
The shock serpent is engulfed in a cloud of scalding steam.
The shock serpent bites you but does no damage.
Unknown command.
Unknown command.
You feel much better.
The shock serpent is engulfed in a cloud of scalding steam.
The shock serpent bites you. The shock serpent shocks you!
* * * LOW HITPOINT WARNING * * *
The shock serpent's electric aura discharges, shocking you!
* * * LOW HITPOINT WARNING * * *
Unknown command.
Unknown command.
You hit the shock serpent.
The shock serpent glows dangerously bright.
The shock serpent is almost dead.
The shock serpent is engulfed in a cloud of scalding steam.
The shock serpent shoots out a bolt of lightning at you!
The bolt of electricity hits you!!
You die...
Your body crumbles into a pile of gold.

### ######.##
#.......## ###
#........###.#
.####.......pS.).## #
.........<..####..#.##
.#####.<.#### ##....#
#..## #.....# ####
.....## .....##
...##O. ..## #.# ###
#.


You could see a shock serpent (heavy contam).

Vanquished Creatures
  Pikel (D:5)
  A steam dragon (D:5)
  4 vampire mosquitoes (D:8)
  A water moccasin (D:5)
  An ice beast (D:7)
  2 orc warriors
  3 black bears
  2 ogres (D:7)
  2 sky beasts
  A phantom (D:6)
  4 lemures
  3 kobold brigands (D:8)
  A bullfrog (D:7)
  2 scorpions (D:6)
  17 wights (D:8)
  3 killer bees (D:8)
  A howler monkey (D:8)
  A bombardier beetle (D:4)
  3 hounds
  A gnoll bouda (D:7)
  4 orc priests
  2 jellies
  2 sleepcaps (D:7)
  An iguana (D:7)
  Ijyb (D:3)
  5 orc wizards
  9 gnolls
  5 adders
  A shadow imp (D:7)
  3 dart slugs
  3 ribbon worms
  20 orcs
  5 ball pythons
  5 bats
  4 endoplasms (D:3)
  5 giant cockroaches
  8 goblins
  10 hobgoblins
  8 jackals (D:1)
  17 kobolds
  8 quokkas
  6 frilled lizards (D:1)
  4 rats
190 creatures vanquished.

Notes
Turn   | Place    | Note
-------+----------+-------------------------------------------
     0 | D:1      | cdecastro the Draconian Shapeshifter began the quest for
                  | the Orb.
     0 | D:1      | Reached XP level 1. HP: 16/16 MP: 1/1
    95 | D:1      | Reached XP level 2. HP: 22/23 MP: 2/2
   267 | D:1      | Found Ucari's Distillery.
   391 | D:1      | Reached XP level 3. HP: 28/28 MP: 3/3
   443 | D:1      | Reached skill level 4 in Unarmed Combat
  1452 | D:3      | Reached XP level 4. HP: 35/35 MP: 4/4
  1594 | D:3      | Found Goaseigh's Distillery.
  1613 | D:3      | Bought a potion of curing for 39 gold pieces
  1740 | D:3      | Found an opulent altar of Gozag.
  1782 | D:3      | Reached skill level 5 in Unarmed Combat
  1782 | D:3      | Reached XP level 5. HP: 21/40 MP: 5/5
  1863 | D:3      | Found a hide-covered altar of Uskayaw.
  1881 | D:3      | Became a worshipper of Gozag Ym Sagoz the Greedy
  2049 | D:3      | Noticed Ijyb
  2062 | D:3      | Killed Ijyb
  2356 | D:4      | Found a glowing golden altar of the Shining One.
  2937 | D:4      | Found a hazy altar of Hepliaklqana.
  3318 | D:5      | Entered Level 5 of the Dungeon
  3402 | D:5      | Noticed a lemure
  3402 | D:5      | Noticed Pikel
  3402 | D:5      | Noticed a lemure
  3403 | D:5      | Noticed a lemure
  3601 | D:5      | Reached XP level 6. HP: 46/47 MP: 6/6
  3830 | D:5      | Noticed a water moccasin
  3906 | D:5      | Found a staircase to the Ecumenical Temple.
  4018 | D:5      | Noticed a steam dragon
  4167 | D:6      | Reached skill level 6 in Unarmed Combat
  4192 | D:6      | Noticed an orc warrior
  4345 | D:1      | Bought a potion of might for 44 gold pieces
  4345 | D:1      | Bought a potion of haste for 110 gold pieces
  4345 | D:1      | Bought a potion of invisibility for 88 gold pieces
  4423 | D:3      | Bought a potion of heal wounds for 65 gold pieces
  4586 | D:6      | Your scales start taking on a pale cyan-grey colour.
  4586 | D:6      | Reached XP level 7. HP: 42/52 MP: 7/7
  4586 | D:6      | Gained mutation: You are immune to the effects of steam.
                  | [Pale Draconian growth]
  4664 | D:6      | Reached skill level 7 in Unarmed Combat
  4664 | D:6      | Reached skill level 5 in Shapeshifting
  5392 | D:7      | Reached skill level 8 in Unarmed Combat
  5576 | D:7      | Found a white marble altar of Elyvilon.
  5589 | D:7      | Reached XP level 8. HP: 58/59 MP: 8/8
  5976 | D:7      | Reached skill level 9 in Unarmed Combat
  6279 | D:7      | Found an ornate altar of the Wu Jian Council.
  6541 | D:7      | Found a broken altar of Ashenzari.
  7216 | D:5      | Killed Pikel
  7217 | D:5      | Reached skill level 10 in Unarmed Combat
  7217 | D:5      | Reached XP level 9. HP: 35/64 MP: 9/9
  7517 | Temple   | Entered the Ecumenical Temple
  7618 | D:3      | Bought a potion of attraction for 39 gold pieces
  7618 | D:3      | Bought a potion of magic for 104 gold pieces
  7696 | D:1      | Bought a potion of resistance for 110 gold pieces
  7696 | D:1      | Bought a potion of mutation for 88 gold pieces
  7696 | D:1      | Bought a potion of mutation for 88 gold pieces
  7696 | D:1      | Bought a potion of curing for 33 gold pieces
  7905 | D:8      | Reached skill level 11 in Unarmed Combat
  8351 | D:8      | Reached skill level 12 in Unarmed Combat
  8509 | D:8      | Reached XP level 10. HP: 51/70 MP: 10/10
  9139 | D:8      | Found a blossoming altar of Fedhas.
  9175 | D:8      | Found a burning altar of Makhleb.
  9487 | D:8      | Found a shimmering altar of Xom.
  9489 | D:8      | Found a sparkling altar of Nemelex Xobeh.
  9669 | D:9      | Noticed a two-headed ogre
  9679 | D:9      | a two-headed ogre changed into a shock serpent
  9679 | D:9      | Noticed a shock serpent
  9689 | D:9      | Killed from afar by a shock serpent

Illustrated notes

Levels and vault maps discovered:
D:1:      shiori_arrival_maze, layout_basic, serial_shops, shop
D:2:      layout_loops_ring
D:3:      layout_loops_ring, grunt_temple_overflow_open, serial_shops,
          nicolae_shop_industrial_runoff, uniq_ijyb
D:4:      layout_cave_pods, general_overflow_altar,
          mainiacjoe_overflow_small_starburst
D:5:      layout_gridville, minmay_temple_entry_junction, uniq_pikel
D:6:      layout_basic
D:7:      kennysheep_spiral_hall, layout_basic,
          mainiacjoe_overflow_tiny_flanked, nicolae_elyvilon_peaceful_grove,
          cheibrodos_ashenzari_chains
D:8:      layout_basic, mainiacjoe_overflow_concentric_impassable,
          fedhas_ov_isle_minmay, minitemple
D:9:      layout_cave_pods, kennysheep_mini_moat,
          hangedman_abyss_or_decor_lesser_grid
Temple:   eino_wide_crystal_templ

Skill      XL: |  1  2  3  4  5  6  7  8  9 10 |
---------------+-------------------------------+-----
Unarmed Combat | 4 5 6 8 10 12 | 12.1
Shapeshifting  | 4 5 7 8 |  8.5
Fighting       | 3 |  3.1
Dodging        | |  1.7

Action                     |  1- 3 |  4- 6 |  7- 9 | 10-12 || total
---------------------------+-------+-------+-------+-------++-------
  Melee: Unarmed           |   116 |   150 |   254 |    63 ||   583
         Tailslap          |    14 |    17 |    38 |    13 ||    82
         Punch             |     4 |     3 |     6 |       ||    13
  Throw: Dart              |       |     6 |     1 |       ||     7
Ability: Breathe Steam     |       |       |    18 |     1 ||    19
  Evoke: Wand              |       |       |       |     1 ||     1
    Use: Scroll            |       |       |     9 |       ||     9
         Potion            |       |       |       |     3 ||     3
   Stab: Sleeping          |     2 |     2 |       |       ||     4
         Distracted        |       |     2 |       |       ||     2
 Armour: Skin              |    53 |    74 |   115 |    30 ||   272
  Dodge: Dodged            |    64 |    95 |   132 |    32 ||   323
   Form: Flux              |       |       |     1 |       ||     1
